 Dungeon Sprint DCSS version 0.21-a0-401-g0b6bec4 (webtiles) character file.

133 Kidiri the Thaumaturge (level 4, 0/24 HPs)
             Began as a Deep Elf Fire Elementalist on Oct 23, 2017.
             Slain by a chaos spawn (6 damage)
             ... summoned by a kobold demonologist
             ... in the Dungeon (Sprint III: "The Ten Rune Challenge").
             The game lasted 00:02:06 (554 turns).

Kidiri the Thaumaturge (Deep Elf Fire Elementalist)  Turns: 554, Time: 00:02:06

Health: 0/24       AC:  6    Str:  3    XL:     4   Next: 94%
Magic:  12/17      EV: 13    Int: 21    God:
Gold:   27         SH:  0    Dex: 15    Spells: 9/22 levels left

rFire    . . .     SeeInvis .   (no weapon)
rCold    . . .     Gourm    .   (no shield)
rNeg     . . .     Faith    .   l - +2 robe {MR+}
rPois    .         Spirit   .   (no helmet)
rElec    +         Reflect  .   (no cloak)
rCorr    .         Harm     .   (no gloves)
MR       +....     NoTele   +   (no boots)
Stlth    ++........             (no amulet)
HPRegen  0.08/turn              (no ring)
MPRegen  0.15/turn              (no ring)

@: no status effects
A: claws 1, iridescent scales 1, electricity resistance, weak 1
a: no special abilities


You were in the Dungeon.
You were not hungry.

You visited 1 branch You collected 27 gold pieces.

Inventory:

Armour
 a - a +0 robe
 l - a +2 robe of magic resistance (worn)
Scrolls
 i - a scroll of blinking
 m - a scroll of enchant armour {unknown}
 o - a scroll of immolation {unknown}
 p - a scroll of magic mapping {unknown}
 q - a scroll of enchant weapon {unknown}
 t - 3 scrolls of torment {unknown}
 v - a scroll of fog {unknown}
Potions
 d - a potion of curing
 e - 2 potions of heal wounds
 f - a potion of haste
 g - 2 potions of magic
 h - a potion of berserk rage
 k - a potion of ambrosia
 s - a potion of brilliance
 x - a potion of flight {unknown}
Books
 b - a book of Flames

   Spells                             Type                      Level
   a - Flame Tongue                   Conjuration/Fire             1
   b - Throw Flame                    Conjuration/Fire             2
   c - Conjure Flame                  Conjuration/Fire             3
   d - Inner Flame                    Hexes/Fire                   3
   e - Sticky Flame                   Conjuration/Fire             4
   f - Fireball                       Conjuration/Fire             5
Comestibles
 c - a bread ration
 r - 4 fruits
 w - a meat ration


   Skills:
 - Level 2.4 Dodging
 - Level 2.4 Stealth
 * Level 9.5 Spellcasting
 + Level 5.3 Conjurations
 + Level 6.3 Fire Magic


You had 9 spell levels left.
You knew the following spells:

 Your Spells              Type           Power        Failure   Level  Hunger
a - Flame Tongue          Conj/Fire      ####.        1%          1    None
b - Throw Flame           Conj/Fire      ####..       1%          2    None
c - Conjure Flame         Conj/Fire      ####....     1%          3    None
d - Inner Flame           Hex/Fire       ###.....     5%          3    None
e - Sticky Flame          Conj/Fire      ####....     6%          4    ##.....


Dungeon Overview and Level Annotations

Branches:
Dungeon (1/1)

Altars:
Kikubaaqudgha
Sif Muna
Vehumet


Innate Abilities, Weirdness & Mutations

You have sharp fingernails.
You are partially covered in iridescent scales. (AC +2)
You are resistant to electric shocks. (rElec)
You are weak. (Str -2)


Message History

Found a leatherbound book and a paperback book.
Found a deep blue altar of Sif Muna and an ancient bone altar of Kikubaaqudgha.
There is an open door here.
Casting: Flame Tongue
Confirm with . or Enter, or press ? or * to list all spells.
Aiming: Sticky Flame
Press: ? - help, Shift-Dir - straight line, f - wizard
Aim: a wizard, wielding a dagger and wearing a robe The sticky flame hits the wizard.
The wizard is severely wounded.
The wizard is covered in liquid flames!
The wizard burns!
You kill the wizard!
Your Spellcasting skill increases to level 9!
Your Conjurations skill increases to level 5!
Your Fire Magic skill increases to level 6!
The chaos spawn hits you!
Ouch! That really hurt!
* * * LOW HITPOINT WARNING * * *
You are engulfed in flames.
You die...

.#......#####..#
##.......#..#..#
.##.##...#..#..###+#+###
.##.###..##+#..#........
####.##..###...'.⌠......
##..##..####...#...####
....##..###....#.⌠.#
#..##...##.....#...#
..##....#......#@###
.###..##.#.....#4K:# .#
#..#####....#___# ▓▓
▓▓▓▓ ▓▓▓▓▓▓▓▓▓▓


You could see a kobold demonologist and a chaos spawn.

Vanquished Creatures
  A water elemental (D)
  A wizard (D)
  Jessica (D)
  A human (D)
  A phantom (D)
  3 rats (D)
8 creatures vanquished.

Vanquished Creatures (others)
  2 draconian scorchers (D)
  6 hellions (D)
  A yaktaur (D)
  2 plants (D)
11 creatures vanquished.

Grand Total: 19 creatures vanquished

Notes
Turn   | Place    | Note
-------+----------+-------------------------------------------
     0 | D        | Kidiri the Deep Elf Fire Elementalist began the quest for the Orb.
     0 | D        | Reached XP level 1. HP: 10/10 MP: 6/6
    33 | D        | Killed a yaktaur
    47 | D        | Noticed Jessica
    56 | D        | Killed Jessica
    56 | D        | Reached skill level 6 in Spellcasting
    56 | D        | Reached XP level 2. HP: 15/15 MP: 1/11
    60 | D        | Learned a level 2 spell: Throw Flame
   106 | D        | Killed a hellion
   161 | D        | Killed a hellion
   161 | D        | Killed a hellion
   162 | D        | Killed a hellion
   165 | D        | Reached XP level 3. HP: 19/19 MP: 8/12
   170 | D        | Learned a level 3 spell: Conjure Flame
   174 | D        | Learned a level 3 spell: Inner Flame
   188 | D        | Killed a hellion
   202 | D        | Reached skill level 7 in Spellcasting
   202 | D        | Reached skill level 5 in Fire Magic
   204 | D        | Killed a hellion
   217 | D        | Gained mutation: Your body sometimes deteriorates upon taking damage. [potion of mutation]
   217 | D        | Gained mutation: You occasionally shout uncontrollably at your foes. [potion of mutation]
   217 | D        | Gained mutation: You have a pair of small horns on your head. [potion of mutation]
   218 | D        | Lost mutation: You occasionally shout uncontrollably at your foes. [potion of mutation]
   218 | D        | Lost mutation: You have a pair of small horns on your head. [potion of mutation]
   218 | D        | Lost mutation: Your body sometimes deteriorates upon taking damage. [potion of mutation]
   218 | D        | Gained mutation: You tend to lose your temper in combat. [potion of mutation]
   218 | D        | Gained mutation: Armour fits poorly on your strangely shaped body. [potion of mutation]
   218 | D        | Gained mutation: You occasionally shout uncontrollably at your foes. [potion of mutation]
   218 | D        | Gained mutation: You are partially covered in slimy green scales. (AC +2) [potion of mutation]
   218 | D        | Killed a white draconian scorcher
   219 | D        | Lost mutation: You occasionally shout uncontrollably at your foes. [potion of mutation]
   219 | D        | Lost mutation: You tend to lose your temper in combat. [potion of mutation]
   219 | D        | Lost mutation: Armour fits poorly on your strangely shaped body. [potion of mutation]
   219 | D        | Gained mutation: You are weak. (Str -2) [potion of mutation]
   219 | D        | Gained mutation: Your flesh is heat resistant. (rF+) [potion of mutation]
   219 | D        | Gained mutation: You are frail. (-10% HP) [potion of mutation]
   219 | D        | Gained mutation: You have sharp fingernails. [potion of mutation]
   220 | D        | Lost mutation: You are frail. (-10% HP) [potion of mutation]
   220 | D        | Lost mutation: Your flesh is heat resistant. (rF+) [potion of mutation]
   220 | D        | Lost mutation: You are partially covered in slimy green scales. (AC +2) [potion of mutation]
   220 | D        | Gained mutation: You are resistant to electric shocks. (rElec) [potion of mutation]
   220 | D        | Gained mutation: You are partially covered in iridescent scales. (AC +2) [potion of mutation]
   267 | D        | Killed a white draconian scorcher
   283 | D        | Noticed a water elemental
   286 | D        | Killed a water elemental
   286 | D        | Reached skill level 8 in Spellcasting
   286 | D        | Reached XP level 4. HP: 3/24 MP: 8/16
   552 | D        | Learned a level 4 spell: Sticky Flame
   552 | D        | Found a radiant altar of Vehumet.
   553 | D        | Found a deep blue altar of Sif Muna.
   553 | D        | Found an ancient bone altar of Kikubaaqudgha.
   553 | D        | Noticed a wizard
   554 | D        | Noticed a chaos spawn
   554 | D        | Killed a wizard
   554 | D        | Reached skill level 9 in Spellcasting
   554 | D        | Reached skill level 5 in Conjurations
   554 | D        | Slain by a chaos spawn

Vault maps used:
D:        dungeon_sprint_mu

Skill      XL: |  1  2  3  4 |
---------------+-------------+-----
Spellcasting   | 6 8 9 |  9.5
Conjurations   | 3 4 5 |  5.3
Fire Magic     | 4 5 6 |  6.3
Dodging        | |  2.4
Stealth        | |  2.4

Action                   |  1- 3 |  4- 6 || total
-------------------------+-------+-------++-------
 Cast: Flame Tongue      |    20 |       ||    20
       Conjure Flame     |     1 |       ||     1
       Sticky Flame      |       |     1 ||     1
  Use: Potion            |     4 |       ||     4
       Scroll            |     2 |       ||     2
Armor: Robe              |     1 |       ||     1
Dodge: Dodged            |     6 |       ||     6

Table legend:
 A = Spawn XP
 B = Non-spawn XP
 C = Spawn XP percentage of total XP
 D = Spawn monster count
 E = Non-spawn monster count
 F = Spawn count percentage of total count
 G = Total turns spent on level
                    A         B        C        D         E        F      G
               +---------+---------+-------+---------+---------+-------+---------
         Total |       0 |     191 |   0.0 |       0 |       8 |   0.0 |   554
               +---------+---------+-------+---------+---------+-------+---------
             D |       0 |     191 |   0.0 |       0 |       8 |   0.0 |   554
               +---------+---------+-------+---------+---------+-------+---------
